 Dungeon Crawl Stone Soup version 0.21-a0-417-g0adc95b (webtiles) character file.

32 Slyspawn the Ruffian (level 3, 0/28 HPs)
             Began as a Draconian Transmuter on Nov 3, 2017.
             Slain by a ball python (1 damage)
             ... on level 2 of the Dungeon.
             The game lasted 00:03:20 (831 turns).

Slyspawn the Ruffian (Draconian Transmuter)          Turns: 831, Time: 00:03:20

Health: 0/28       AC:  5    Str:  9 (12) XL:     3   Next: 8%
Magic:  5/7        EV:  9    Int: 11 (14) God:
Gold:   60         SH:  0    Dex: 10 (11) Spells: 6/7 levels left

rFire    . . .     SeeInvis .     - Unarmed
rCold    . . .     Gourm    .   (no shield)
rNeg     . . .     Faith    .   (armour unavailable)
rPois    .         Spirit   .   (helmet restricted)
rElec    .         Reflect  .   (no cloak)
rCorr    .         Harm     .   (no gloves)
MR       .....                  (no boots)
Stlth    +.........             (no amulet)
HPRegen  0.09/turn              (no ring)
MPRegen  0.10/turn              (no ring)

@: lethally poisoned (0 -> -10), very slightly contaminated, hasted,
constricted, very quick
A: unfitting armour, cold-blooded, AC +5
a: no special abilities


You were on level 2 of the Dungeon.
You were not hungry.

You visited 1 branch of the dungeon, and saw 2 of its levels.

You collected 60 gold pieces.

Inventory:

Missiles
 a - 12 arrows
Scrolls
 d - a scroll of teleportation {unknown}
 e - a scroll of remove curse {unknown}
 h - a scroll of blinking
 j - 3 scrolls of noise {unknown}
Books
 b - a book of Changes

   Spells                             Type                      Level
   a - Beastly Appendage              Transmutation                1
   b - Sticks to Snakes               Transmutation                2
   c - Spider Form                    Transmutation/Poison         3
   d - Ice Form                       Ice/Transmutation            4
   e - Blade Hands                    Transmutation                5
Comestibles
 c - 2 bread rations
 f - a chunk of flesh
 g - a meat ration


   Skills:
 - Level 1.1 Fighting
 - Level 1.8 Dodging
 - Level 3.1 Unarmed Combat
 + Level 2.7 Spellcasting
 + Level 2.7 Transmutations


You had 6 spell levels left.
You knew the following spells:

 Your Spells              Type           Power        Failure   Level  Hunger
a - Beastly Appendage     Tmut           #.....       9%          1    ##.....


Dungeon Overview and Level Annotations

Branches:
Dungeon (2/15)

Altars:


Innate Abilities, Weirdness & Mutations

Your plain brown scales are hard. (AC +5)
You cannot fit into any form of body armour.
You are cold-blooded and may be slowed by cold attacks.


Message History

You feel sick.
The ball python bites you but does no damage.
The ball python constricts you. The kobold closely misses you.
The adder bites you but does no damage.
You hit the adder.
You kill the adder!
You have reached level 3!
Your experience leads to an increase in your attributes!
Your base attributes are Str 12, Int 13, Dex 11.
Increase (S)trength, (I)ntelligence, or (D)exterity?
You feel clever.
Your scales feel tougher.
* * * LOW HITPOINT WARNING * * *
You feel sick. The ball python closely misses you.
The ball python constricts you. The kobold hits you but does no damage.
The ball python bites you.
* * * LOW HITPOINT WARNING * * *
The ball python constricts you.
You feel yourself speed up. The kobold closely misses you.
The ball python barely misses you.
You die...

####### #########
....... #.......#
....... #..$....#
.......##.......####
##......##..^.S......
.....?....(..@.......
..............K......
#.........#...###.....
..........?#...# ....
...........#...# ...
........#.##...#. ..
........#'##...#.# +#.
.. ...............#.#
#.## ...
...............#.##...#
..#


You could see a ball python and a kobold.

Vanquished Creatures
  An adder (D:2)
  An ooze (D:1)
  A dart slug (D:1)
  3 bats
  3 hobgoblins
  3 kobolds (D:1)
  A frilled lizard (D:2)
  A goblin (D:1)
  4 rats
18 creatures vanquished.

Notes
Turn   | Place    | Note
-------+----------+-------------------------------------------
     0 | D:1      | Slyspawn the Draconian Transmuter began the quest for the Orb.
     0 | D:1      | Reached XP level 1. HP: 16/16 MP: 3/3
   192 | D:1      | Reached XP level 2. HP: 12/23 MP: 5/5
   830 | D:2      | Reached XP level 3. HP: 4/28 MP: 5/7
   830 | D:2      | HP: 1/28 [ball python (2)]
   831 | D:2      | Slain by a ball python

Vault maps used:
D:1:      minmay_arrival_doors, minmay_misc_feat_columns
D:2:      mumra_celtic_spiral_tile

Action                   || total
-------------------------++-------
Melee: Unarmed           ||    49
       Tailslap          ||     3
       Kick              ||     1
 Cast: Beastly Appendage ||    11
  Use: Potion            ||     5
       Scroll            ||     2
 Stab: Sleeping          ||     1
Armor: Skin              ||    17
Dodge: Dodged            ||    40

Table legend:
 A = Spawn XP
 B = Non-spawn XP
 C = Spawn XP percentage of total XP
 D = Spawn monster count
 E = Non-spawn monster count
 F = Spawn count percentage of total count
 G = Total turns spent on level
                    A         B        C        D         E        F      G
               +---------+---------+-------+---------+---------+-------+---------
         Total |       0 |      46 |   0.0 |       0 |      18 |   0.0 |   831
               +---------+---------+-------+---------+---------+-------+---------
           D:1 |       0 |      27 |   0.0 |       0 |      13 |   0.0 |   734
           D:2 |       0 |      19 |   0.0 |       0 |       5 |   0.0 |    97
               +---------+---------+-------+---------+---------+-------+---------
